 Dungeon Crawl Stone Soup version 0.22.0-6-g71bd7aa6b3 (webtiles) character file.

18624 Flugkiller the Destroyer (level 12, -22/70 HPs)
             Began as a Deep Elf Air Elementalist on Aug 15, 2018.
             Was an Elder of Elyvilon.
             Killed from afar by a frost giant (56 damage)
             ... with a bolt of cold
             ... in an ice cave.
             The game lasted 00:27:33 (16161 turns).

Flugkiller the Destroyer (DEAE)                    Turns: 16161, Time: 00:27:34

Health: -22/70     AC: 11    Str:  6    XL:     12   Next: 29%
Magic:  38/38      EV: 18    Int: 28    God:    Elyvilon [****..]
Gold:   559        SH:  7    Dex: 15    Spells: 13/33 levels left

rFire    + + .     SeeInvis +   a - staff of fire
rCold    . . .     Gourm    .   J - +2 buckler {rF+}
rNeg     . . .     Faith    .   K - +0 steam dragon scales
rPois    .         Spirit   .   H - +2 hat {Int+3}
rElec    .         Reflect  .   e - +0 cloak
rCorr    .         Harm     .   v - +0 pair of gloves
MR       +....                  u - +0 pair of boots
Stlth    ++........             (no amulet)
HPRegen  0.21/turn              B - ring of see invisible
MPRegen  0.26/turn              d - ring of magical power

@: no status effects
A: no striking features
a: Lesser Healing, Heal Other, Purification, Greater Healing, Divine Protection,
Renounce Religion


You were in an ice cave.
You worshipped Elyvilon.
Elyvilon was greatly pleased with you.
You were not hungry.

You visited 2 branches of the dungeon, and saw 10 of its levels.
You also visited: Ice Cave.

You collected 559 gold pieces.

Inventory:

Armour
 e - a +0 cloak (worn)
 u - a +0 pair of boots (worn)
 v - a +0 pair of gloves (worn)
 H - a +2 hat of intelligence (worn)
 J - a +2 buckler of fire resistance (worn)
 K - +0 steam dragon scales (worn)
Magical Staves
 a - an uncursed staff of fire (weapon)
Jewellery
 d - a ring of magical power (right hand)
 y - a +3 ring of dexterity
 B - a ring of see invisible (left hand)
Wands
 h - a wand of iceblast (8)
 m - a wand of flame (58)
 q - a wand of digging (10)
 E - a wand of acid (3)
Scrolls
 b - 6 scrolls of teleportation
 f - 5 scrolls of remove curse
 l - 2 scrolls of blinking
 s - 3 scrolls of fear
 t - a scroll of fog {unknown}
Potions
 g - a potion of berserk rage {unknown}
 i - 7 potions of curing
 j - 2 potions of magic
 k - a potion of brilliance
 n - 3 potions of mutation
 o - 2 potions of flight
 p - 2 potions of ambrosia
 r - 3 potions of lignification
 z - 4 potions of might
 C - 2 potions of agility
 F - 4 potions of haste
 G - a potion of cancellation {unknown}
Comestibles
 c - 16 rations


   Skills:
 + Level 6.1 Fighting
 + Level 4.3 Armour
 + Level 9.0 Dodging
 - Level 2.4 Stealth
 - Level 4.0 Shields
 - Level 11.0 Spellcasting
 - Level 11.0 Conjurations
 - Level 10.1 Air Magic


You had 13 spell levels left.
You knew the following spells:

 Your Spells              Type           Power        Failure   Level  Hunger
a - Shock                 Conj/Air       ####         1%          1    None
b - Swiftness             Chrm/Air       #####...     1%          2    None
c - Airstrike             Air            ######....   1%          4    None
d - Mephitic Cloud        Conj/Pois/Air  ######..     1%          3    None
e - Lightning Bolt        Conj/Air       ######....   1%          5    ###....
r - Blink                 Tloc           N/A          5%          2    None
t - Static Discharge      Conj/Air       ######..     1%          3    None

Your spell library contained the following spells:

 Spells                   Type           Power        Failure   Level  Hunger
 Magic Dart               Conj           ####         1%          1    None
 Conjure Flame            Conj/Fire      ######..     1%          3    None
 Slow                     Hex            ###.....     5%          2    None
 Throw Frost              Conj/Ice       #####.       1%          2    None
 Freeze                   Ice            ###.         3%          1    None
 Summon Ice Beast         Ice/Summ       ###.....     34%         4    None
 Ozocubu's Armour         Chrm/Ice       ###.....     11%         3    None
 Call Imp                 Summ           ###.....     5%          2    None
 Throw Icicle             Conj/Ice       #####...     3%          4    None


Dungeon Overview and Level Annotations

Branches:
Dungeon (8/15)             Temple (0/1) D:5            Lair (2/6) D:8
  Swamp: Lair:2-4    Shoals: Lair:2-4     Snake: Lair:2-4    Spider: Lair:2-4

Altars:
Elyvilon
Hepliaklqana
Qazlal
Trog

Shops:
D:7 *

Annotations:
D:3 Grinder
D:4 Eustachio


Message History

Aiming: Dig
Press: ? - help, Shift-Dir - straight line An ice covered rock wall.
The rock shatters into small pieces.
Found an ice covered gate leading back out of this place.
There is an ice covered gate leading back out of this place here.
Found a scale mail.
Found a potion of haste.
You see here a scale mail.
F - 4 potions of haste (gained 1)
You see here a scale mail.
All of the chunks of flesh in your inventory have rotted away.
Found a glass ring and a glowing short sword.
The frost giant shouts!
The frost giant hits you with a battleaxe of freezing!!
The frost giant freezes you!
The frost giant points at you and mumbles some strange words.
The bolt of cold hits you!
Ouch! That really hurt!
You die...

## =)## .##.##
.#...#### ###
#..#....#.# #
#.####......#.##
##
##.##C#.#.#..#.##
#. ##.#.# #
##.##.# #. ##.@##
#####.## ##.
##..###..#.##
##..
#..∩.#...#..#
#...
##...#.##...#
##..#
#.##..###⌠.#
#..##
#.##.###..####.##
#.##..##### #..#
#.###..## ##..#
##[.#...# #..##


You could see a frost giant.

Vanquished Creatures
  Gastronok (Lair:1)
  Harold (D:8)
  Erica (D:8)
  An unseen horror (D:7)
  2 black mambas
  An ice statue (IceCv)
  3 spiny frogs
  A komodo dragon (Lair:1)
  18 polar bears (IceCv)
  A hippogriff (D:8)
  27 yaks
  Grum (D:8)
  A steam dragon (D:7)
  A hungry ghost (D:8)
  2 water moccasins
  A porcupine (Lair:1)
  A black bear (D:7)
  A necrophage (D:8)
  2 eyes of draining (D:6)
  2 orc warriors (D:6)
  20 wolves
  3 ogres
  A crocodile (D:8)
  3 centaurs (D:6)
  6 bullfrogs
  3 killer bees (D:7)
  A scorpion (D:6)
  7 wights
  A howler monkey (D:7)
  2 crimson imps
  A centaur zombie (D:6)
  A quasit (D:6)
  An orc priest (D:7)
  2 jellies
  A gnoll shaman (D:6)
  A bullfrog skeleton (D:8)
  4 orc wizards
  A centaur skeleton (D:7)
  Jessica (D:2)
  Natasha (twice) (D:4)
  4 worker ants
  Terence (D:2)
  A hound zombie (D:8)
  A hound skeleton (D:6)
  Robin (D:2)
  A worker ant zombie (D:5)
  7 gnolls
  12 adders
  3 shadow imps (D:6)
  12 white imps (Lair:2)
  An ooze (D:5)
  An adder zombie (D:5)
  An adder skeleton (D:5)
  2 worms (D:4)
  2 dart slugs
  3 leopard geckos
  6 orcs
  4 ball pythons
  7 bats
  6 giant cockroaches
  8 hobgoblins
  13 jackals
  2 quokkas
  5 frilled lizards
  11 goblins
  7 kobolds
  5 rats
  A plant (Lair:1)
259 creatures vanquished.

Vanquished Creatures (others)
  A fungus (Lair:1)
  2 plants (Lair:1)
  4 toadstools (D:1)
7 creatures vanquished.

Grand Total: 266 creatures vanquished

Notes
Turn   | Place    | Note
-------+----------+-------------------------------------------
     0 | D:1      | Flugkiller the Deep Elf Air Elementalist began the quest for the Orb.
     0 | D:1      | Reached XP level 1. HP: 10/10 MP: 6/6
   127 | D:1      | Reached XP level 2. HP: 15/15 MP: 6/8
   519 | D:1      | Reached XP level 3. HP: 19/19 MP: 6/9
   879 | D:2      | Noticed Jessica
  1300 | D:2      | Noticed Terence
  1353 | D:2      | Killed Terence
  1353 | D:2      | Reached XP level 4. HP: 21/24 MP: 8/11
  1539 | D:2      | Killed Jessica
  1980 | D:3      | Reached XP level 5. HP: 10/28 MP: 9/13
  2181 | D:2      | Learned a level 3 spell: Static Discharge
  2331 | D:3      | Noticed Robin
  2482 | D:2      | Killed Robin
  2621 | D:3      | Found a stormy altar of Qazlal.
  2658 | D:3      | Noticed Grinder
  2674 | D:2      | Learned a level 2 spell: Swiftness
  2986 | D:3      | Found a white marble altar of Elyvilon.
  3047 | D:3      | Became a worshipper of Elyvilon the Healer
  3252 | D:4      | Noticed Natasha
  3257 | D:4      | Killed Natasha
  3257 | D:4      | Reached XP level 6. HP: 32/32 MP: 8/15
  3493 | D:4      | Reached * piety under Elyvilon
  3555 | D:4      | Noticed Natasha
  3557 | D:4      | Killed Natasha
  3557 | D:4      | Reached skill level 5 in Air Magic
  3589 | D:4      | Noticed Eustachio
  3818 | D:4      | Found a stormy altar of Qazlal.
  3933 | D:4      | Learned a level 4 spell: Airstrike
  4153 | D:5      | Entered Level 5 of the Dungeon
  4185 | D:5      | Reached skill level 5 in Spellcasting
  4395 | D:5      | Reached ** piety under Elyvilon
  4558 | D:5      | Reached skill level 5 in Conjurations
  4619 | D:5      | Found a staircase to the Ecumenical Temple.
  4834 | D:5      | Reached XP level 7. HP: 36/36 MP: 17/17
  5053 | D:5      | Learned a level 2 spell: Blink
  5557 | D:6      | Reached XP level 8. HP: 24/41 MP: 4/19
  6986 | D:6      | Found a bloodstained altar of Trog.
  7317 | D:7      | Found Toucw's General Store.
  7338 | D:7      | Reached XP level 9. HP: 30/45 MP: 22/22
  7498 | D:6      | Learned a level 5 spell: Lightning Bolt
  7502 | D:6      | Learned a level 3 spell: Mephitic Cloud
  7507 | D:7      | Noticed an unseen horror
  7979 | D:7      | Killed an unseen horror
  8045 | D:7      | Reached *** piety under Elyvilon
  8603 | D:8      | Found a hazy altar of Hepliaklqana.
  9247 | D:8      | Found a staircase to the Lair.
  9411 | D:8      | Noticed Harold
  9417 | D:8      | Killed Harold
  9417 | D:8      | Reached skill level 10 in Conjurations
  9417 | D:8      | Reached XP level 10. HP: 13/51 MP: 13/25
  9756 | Lair:1   | Entered Level 1 of the Lair of Beasts
  9756 | Lair:1   | Noticed a spiny frog
  9757 | Lair:1   | Killed a spiny frog
  9757 | Lair:1   | Reached skill level 1 in Fighting
  9757 | Lair:1   | Reached skill level 1 in Shields
  9779 | Lair:1   | Noticed Erica
  9782 | Lair:1   | Noticed a black mamba
  9972 | D:8      | Killed Erica
  9972 | D:8      | Reached skill level 10 in Air Magic
 10154 | D:8      | Killed a black mamba
 10349 | Lair:1   | Noticed Grum
 10555 | D:8      | Killed Grum
 10566 | Lair:1   | Noticed a spiny frog
 10572 | Lair:1   | Killed a spiny frog
 10892 | Lair:1   | Noticed a black mamba
 10896 | Lair:1   | Killed a black mamba
 10896 | Lair:1   | Reached skill level 10 in Spellcasting
 10972 | Lair:1   | Noticed Gastronok
 11359 | Lair:1   | Reached skill level 5 in Dodging
 11359 | Lair:1   | Reached XP level 11. HP: 59/59 MP: 24/27
 11964 | Lair:1   | Reached **** piety under Elyvilon
 12167 | Lair:1   | Killed Gastronok
 12546 | Lair:2   | Found a frozen archway.
 12746 | IceCv    | Entered an ice cave
 13056 | IceCv    | Reached skill level 1 in Armour
 13923 | IceCv    | Reached skill level 5 in Fighting
 14874 | IceCv    | Reached XP level 12. HP: 68/68 MP: 18/29
 15817 | IceCv    | Noticed a frost giant
 16161 | IceCv    | Killed from afar by a frost giant

Skill      XL: |  1  2  3  4  5  6  7  8  9 10 11 12 |
---------------+-------------------------------------+-----
Conjurations   | 2 3 4 5 6 8 10 11 | 11.0
Air Magic      | 4 5 6 8 9 10 | 10.1
Spellcasting   | 4 5 6 7 9 10 11 | 11.0
Dodging        | 3 5 8 9 |  9.0
Fighting       | 2 5 6 |  6.1
Shields        | 2 4 |  4.0
Armour         | 3 4 |  4.3
Stealth        | |  2.4

Action                   |  1- 3 |  4- 6 |  7- 9 | 10-12 || total
-------------------------+-------+-------+-------+-------++-------
Melee: Unarmed           |       |     1 |       |     1 ||     2
       Staff             |       |       |       |     4 ||     4
 Cast: Shock             |    67 |   152 |    80 |    65 ||   364
       Airstrike         |       |       |   107 |   185 ||   292
       Lightning Bolt    |       |       |    10 |    44 ||    54
       Blink             |       |       |     1 |    11 ||    12
       Mephitic Cloud    |       |       |       |     1 ||     1
Evoke: Wand              |       |       |       |     4 ||     4
  Use: Scroll            |       |     9 |       |    11 ||    20
       Potion            |       |       |       |     1 ||     1
  Eat: Chunk             |     1 |    11 |    16 |    21 ||    49
       Ration            |       |       |     2 |     2 ||     4
Armor: Robe              |     2 |     4 |     8 |       ||    14
       Leather armour    |       |     2 |       |       ||     2
       Steam dragon scal |       |       |     3 |    36 ||    39
Dodge: Dodged            |    12 |    17 |    33 |   108 ||   170
Block: Buckler           |       |     6 |    10 |    58 ||    74
